 Dungeon Crawl Stone Soup version 0.28.0-43-g3370ac3207 (webtiles) character file.

Game seed: 15667257080516480157

133 pkoi the Gusty (level 4, 0/52 HPs)
             Began as a Draconian Air Elementalist on Mar 19, 2022.
             Slain by an iguana (9 damage)
             ... on level 4 of the Dungeon.
             The game lasted 00:05:15 (4968 turns).

pkoi the Gusty (Draconian Air Elementalist)         Turns: 4968, Time: 00:05:15

Health: 0/52       AC:  7    Str: 10    XL:     4   Next: 93%
Magic:  1/7        EV: 12    Int: 18    God:
Gold:   180        SH:  0    Dex: 11    Spells: 2/8 levels left

rFire   . . .      SeeInvis .   l - +3 war axe
rCold   . . .      Faith    .   (no shield)
rNeg    . . .      Spirit   .   (armour unavailable)
rPois   .          Reflect  .   (helmet restricted)
rElec   .          Harm     .   (no cloak)
rCorr   .          Rampage  .   d - +1 pair of gloves
Will    .....                   (no boots)
Stlth   ..........              (no amulet)
HPRegen 0.17/turn               (no ring)
MPRegen 0.10/turn               (no ring)

@: berserking, very quick
A: AC +5, unfitting armour, cold-blooded
a: no special abilities


You were on level 4 of the Dungeon.
You visited 1 branch of the dungeon, and saw 4 of its levels.

You collected 180 gold pieces.

Inventory:

Hand Weapons
 c - a +0 whip
 l - a +3 war axe (weapon)
Missiles
 e - 3 poisoned darts
Armour
 d - a +1 pair of gloves (worn)
Magical Staves
 q - a staff of cold
Scrolls
 a - a scroll of holy word
 g - 3 scrolls of fear
 j - a scroll of summoning
Potions
 f - a potion of curing
 h - a potion of mutation
 k - a potion of haste
 m - a potion of might
 n - a potion of flight


   Skills:
 + Level 1.6 Fighting
 - Level 1.7 Dodging
 - Level 1.7 Stealth
 + Level 2.5 Spellcasting
 - Level 1.0 Conjurations
 * Level 5.1 Air Magic


You had 2 spell levels left.
You knew the following spells:

 Your Spells              Type           Power      Damage    Failure   Level
a - Shock                 Conj/Air       52%        1d6       4%          1
b - Static Discharge      Conj/Air       13%        N/A       8%          2
c - Swiftness             Air            20%        N/A       6%          3

Your spell library contained the following spells:

 Spells                   Type           Power      Damage    Failure   Level
 Airstrike                Air            10%        N/A       22%         4


Dungeon Overview and Level Annotations

Branches:
Dungeon (4/15)
 Temple: D:4-7

Altars:

Annotations:
D:4 2 runed translucent doors


Innate Abilities, Weirdness & Mutations

Your plain brown scales are hard. (AC +5)
You cannot fit into any form of body armour.
You are cold-blooded and may be slowed by cold attacks.


Message History

The iguana is moderately wounded.
The iguana misses you. The iguana bites you!
* * * LOW HITPOINT WARNING * * *
You barely miss the iguana.
You tail-slap the iguana, but do no damage.
The iguana is moderately wounded.
The iguana bites you but does no damage.
You barely miss the iguana.
The iguana is moderately wounded.
The iguana bites you.
* * * LOW HITPOINT WARNING * * *
The iguana bites you!
* * * LOW HITPOINT WARNING * * *
Unknown command.
Aiming: Shock (safe; 4% risk of failure)
Press: ? - help, Q - select action, (/) - cycle Shift-Dir - straight line, p - iguana The zap hits the iguana but does no damage.
The iguana is moderately wounded.
The zap misses the iguana.
The iguana bites you!
* * * LOW HITPOINT WARNING * * *
Aiming: Shock (safe; 4% risk of failure)
Press: ? - help, Q - select action, (/) - cycle Shift-Dir - straight line The zap misses the iguana.
The zap hits the iguana.
The iguana is heavily wounded.
The iguana barely misses you.
Unknown command.
You aren't carrying any items that you can evoke.
Okay, then.
Okay, then.
A red film seems to cover your vision as you go berserk!
You feel yourself moving faster!
You feel mighty! The iguana bites you.
* * * LOW HITPOINT WARNING * * *
You closely miss the iguana.
The iguana is heavily wounded.
The iguana barely misses you.
You hit the iguana.
The iguana is severely wounded.
The iguana bites you!
You die...

#................#..#....#≈##
#.......##.......##......#§..
.......###...............#§≈.
........###.....##.......+§#.
.......## #.#######......+..≈
.......####..# ##.....#≈⌠≈
..##...#.#..## #.....#≈≈#
.........#..########.######..
..#...##........@l....##
..#....###.............#
##...................###
.....#............####
...................#
...................#
........#........###
........#.........####
.....................##


You could see an iguana.

Vanquished Creatures
  An orc wizard (D:3)
  2 adders
  3 worms
  2 orcs (D:3)
  7 bats
  6 endoplasms
  4 giant cockroaches
  4 goblins
  10 hobgoblins
  9 kobolds
  A quokka (D:2)
  5 ball pythons
  6 frilled lizards
  4 rats
64 creatures vanquished.

Vanquished Creatures (collateral kills)
  An adder (D:2)
1 creature vanquished.

Grand Total: 65 creatures vanquished

Notes
Turn   | Place    | Note
-------+----------+-------------------------------------------
     0 | D:1      | pkoi the Draconian Air Elementalist began the quest for the
                  | Orb.
     0 | D:1      | Reached XP level 1. HP: 14/14 MP: 3/3
   610 | D:1      | Reached XP level 2. HP: 20/20 MP: 0/5
   996 | D:1      | Learned a level 2 spell: Static Discharge
  1119 | D:1      | Reached skill level 4 in Air Magic
  1576 | D:2      | Reached XP level 3. HP: 13/26 MP: 0/6
  1953 | D:2      | Learned a level 3 spell: Swiftness
  3450 | D:3      | Reached XP level 4. HP: 34/34 MP: 3/7
  3583 | D:3      | Reached skill level 1 in Fighting
  4333 | D:3      | Reached skill level 5 in Air Magic
  4939 | D:4      | Found a large runed translucent door.
  4939 | D:4      | Found a large runed translucent door.
  4968 | D:4      | Slain by an iguana

Illustrated notes

Levels and vault maps discovered:
D:1:      amcnicky_arrival_underground_garden, layout_basic
D:2:      layout_basic
D:3:      layout_loops_cross, grunt_ministairs_7, nicolae_wormholes
D:4:      layout_cave_pools, marbit_many_paths, ebering_ghost_disaster_area

Skill      XL: |  1  2  3  4 |
---------------+-------------+-----
Air Magic      | 4 5 |  5.1
Fighting       | 1 |  1.6
Dodging        | |  1.7
Stealth        | |  1.7
Spellcasting   | |  2.5
Conjurations   | |  1.0

Action                   |  1- 3 |  4- 6 || total
-------------------------+-------+-------++-------
Melee: Unarmed           |    32 |       ||    32
       Tailslap          |    10 |     2 ||    12
       Whip              |    56 |       ||    56
       Punch             |     1 |       ||     1
       War axe           |       |    17 ||    17
 Cast: Shock             |    91 |    49 ||   140
  Use: Scroll            |     6 |     4 ||    10
       Potion            |       |     2 ||     2
Armor: Skin              |    31 |    12 ||    43
Dodge: Dodged            |    77 |    16 ||    93
